 Dungeon Crawl Stone Soup version 0.21.1-1-g345015fe64 (webtiles) character file.

99 Ivernyr the Insei (level 4, 0/21 HPs)
             Began as a Vine Stalker Transmuter on Apr 14, 2018.
             Slain by an adder (1 damage)
             ... on level 2 of the Dungeon.
             The game lasted 00:05:42 (2673 turns).

Ivernyr the Insei (Vine Stalker Transmuter)         Turns: 2673, Time: 00:05:42

Health: 0/21       AC:  2    Str: 12    XL:     4   Next: 72%
Magic:  0/8        EV: 13    Int: 14    God:
Gold:   60         SH:  0    Dex: 15    Spells: 4/7 levels left

rFire    . . .     SeeInvis .     - Unarmed
rCold    . . .     Gourm    .   (no shield)
rNeg     . . .     Faith    .   b - +0 robe
rPois    .         Spirit   +   (no helmet)
rElec    .         Reflect  .   (no cloak)
rCorr    .         Harm     .   (no gloves)
MR       .....                  (boots currently unavailable)
Stlth    +.........             (no amulet)
HPRegen  0.47/turn              (no ring)
MPRegen  0.11/turn              (no ring)

@: appendage
A: fangs 2, talons 3, regeneration 1, magic shield, antimagic bite, no potion
heal 3, rot immunity
a: End Transformation


You were on level 2 of the Dungeon.
You were not hungry.
You had grown temporary talons.
You visited 1 branch of the dungeon, and saw 3 of its levels.

You collected 60 gold pieces.

Inventory:

Missiles
 a - 38 arrows
Armour
 b - a +0 robe (worn)
Scrolls
 f - a scroll of fear {unknown}
 g - 4 scrolls of identify {unknown}
 h - a scroll of teleportation {unknown}
 l - 3 scrolls of fog {unknown}
 m - a scroll of enchant armour {unknown}
Potions
 e - a potion of might {unknown}
 i - a potion of curing {unknown}
 j - a potion of heal wounds {unknown}
Books
 c - a book of Changes

   Spells                             Type                      Level
   a - Beastly Appendage              Transmutation                1
   b - Sticks to Snakes               Transmutation                2
   c - Spider Form                    Transmutation/Poison         3
   d - Ice Form                       Ice/Transmutation            4
   e - Blade Hands                    Transmutation                5
Comestibles
 d - 3 rations
 k - 3 chunks of flesh


   Skills:
 - Level 0.8 Fighting
 + Level 2.3 Dodging
 + Level 3.7 Unarmed Combat
 - Level 2.1 Spellcasting
 * Level 3.6 Transmutations


You had 4 spell levels left.
You knew the following spells:

 Your Spells              Type           Power        Failure   Level  Hunger
a - Beastly Appendage     Tmut           ##....       5%          1    #......
b - Sticks to Snakes      Tmut           ##......     8%          2    ###....


Dungeon Overview and Level Annotations

Branches:
Dungeon (3/15)

Altars:

Annotations:
D:3 Robin


Innate Abilities, Weirdness & Mutations

You have extremely sharp teeth.
Your natural rate of healing is unusually fast.
When hurt, damage is shared between your health and your magic reserves.
Your bite disrupts and absorbs the magic of your enemies.
Potions cannot restore your health.
You are immune to rotting.
You have claws for feet.


Message History

Confirm with . or Enter, or press ? or * to list all spells.
Your feet morph into talons.
The adder bites you. The goblin hits you.
* * * LOW HITPOINT WARNING * * *
The goblin hits you.
* * * LOW HITPOINT WARNING * * *
The goblin hits you but does no damage. The adder barely misses you.
The hobgoblin barely misses you. The goblin closely misses you.
You hit the hobgoblin.
The hobgoblin is almost dead.
The goblin misses you. The goblin closely misses you.
The goblin hits you with a club.
* * * LOW HITPOINT WARNING * * *
The adder misses you.
Unknown command.
You closely miss the hobgoblin.
The hobgoblin is almost dead.
The goblin barely misses you.
The hobgoblin hits you but does no damage.
The goblin closely misses you. The adder bites you.
You die...

######
##########....######
#.)......'..........
###'########..........
#........# #..........
#...gSg..####'##......
#..gg@g........+......
#####g#+#.###.##......
#.....#...#.######..
#.#.###.#.#.# ###
#.#.....#...########
#.#.#.#.###.........
##+#.........#.......
#......###...##......
####......##.....##.....


You could see an adder, a hobgoblin and 5 goblins.

Vanquished Creatures
  3 adders (D:2)
  3 dart slugs
  3 leopard geckos
  A ball python (D:2)
  9 bats
  4 giant cockroaches
  4 hobgoblins
  8 jackals
  A quokka (D:2)
  4 frilled lizards (D:2)
  9 goblins
  4 kobolds (D:1)
  3 rats
56 creatures vanquished.

Notes
Turn   | Place    | Note
-------+----------+-------------------------------------------
     0 | D:1      | Ivernyr the Vine Stalker Transmuter began the quest for the Orb.
     0 | D:1      | Reached XP level 1. HP: 9/9 MP: 4/4
   335 | D:1      | Reached XP level 2. HP: 7/14 MP: 4/6
   594 | D:1      | Learned a level 2 spell: Sticks to Snakes
  1138 | D:1      | Reached XP level 3. HP: 16/17 MP: 7/7
  2098 | D:2      | Gained mutation: Your natural rate of healing is unusually fast. [Vine Stalker growth]
  2098 | D:2      | Reached XP level 4. HP: 13/21 MP: 3/8
  2516 | D:2      | Found a faded altar of an unknown god.
  2607 | D:3      | Noticed Robin
  2672 | D:2      | HP: 1/21 [goblin/club[Robin] (5)]
  2673 | D:2      | Slain by an adder

Skill      XL: |  1  2  3 |
---------------+----------+-----
Dodging        | 2 |  2.3
Transmutations | 3 |  3.6
Fighting       | |  0.8
Unarmed Combat | |  3.7
Spellcasting   | |  2.1

Action                   |  1- 3 |  4- 6 || total
-------------------------+-------+-------++-------
Melee: Unarmed           |   136 |    47 ||   183
       Bite              |    23 |     6 ||    29
       Kick              |    13 |     6 ||    19
       Punch             |     3 |       ||     3
       Headbutt          |     3 |       ||     3
 Cast: Beastly Appendage |    12 |     5 ||    17
 Stab: Sleeping          |       |     2 ||     2
  Eat: Chunk             |     4 |     2 ||     6
Armor: Robe              |    38 |    16 ||    54
Dodge: Dodged            |   119 |    48 ||   167
